 Dungeon Crawl Stone Soup version 0.17-a0-1105-gbe8b664 (webtiles) character file.

113 HEYYEYAAE the Shield-Bearer (level 4, -3/32 HPs)
             Began as an Octopode Fighter on May 21, 2015.
             Killed from afar by Robin (7 damage)
             ... with a wand of magic darts
             ... on level 3 of the Dungeon.
             The game lasted 00:01:16 (1251 turns).

HEYYEYAAE the Shield-Bearer (Octopode Fighter)      Turns: 1251, Time: 00:01:16

Health: -3/32      AC:  1    Str: 15    XL:     4   Next: 96%
Magic:  4/4        EV: 11    Int: 17    God:
Gold:   210        SH:  9    Dex: 12    Spells: 0 memorised, 3 levels left

rFire  . . .     SeeInvis +     a - +0 war axe
rCold  . . .     Clarity  .     b - +0 shield
rNeg   . . .     SustAb   .     (helmet restricted)
rPois  .         Gourm    .     (no amulet)
rElec  .         Spirit   .     (no ring)
rCorr  .         Warding  .     (no ring)
rMut   .         Stasis   .     (no ring)
MR     .....                    (no ring)
Stlth  ++........               (no ring)
                                (no ring)
                                (no ring)
                                (no ring)

@: brilliant, not resistant to hostile enchantments, unstealthy
A: almost no armour, amphibious, 8 rings, constrict 8, tentacle spike 1,
camouflage 1, see invisible, clever 1, gelatinous body 1
a: no special abilities


You were on level 3 of the Dungeon.
You were very hungry.

You visited 1 branch of the dungeon, and saw 3 of its levels.

You collected 210 gold pieces.

Inventory:

Hand weapons
 a - a +0 war axe (weapon)
Armour
 b - a +0 shield (worn)
Jewellery
 i - a cursed ring of loudness {unknown}
 n - an uncursed ring of protection from magic {unknown}
Magical devices
 p - a wand of magic darts (25)
 s - a wand of slowing (12)
Scrolls
 f - a scroll of enchant armour {unknown}
 k - 4 scrolls of enchant weapon {unknown}
 l - a scroll of remove curse {unknown}
Potions
 c - a potion of might
 e - a potion of mutation
 g - a potion of brilliance
 j - a potion of lignification {unknown}
 m - a potion of agility {unknown}
 o - a potion of ambrosia {unknown}
 q - 2 potions of flight {unknown}
 r - a potion of curing {unknown}
Comestibles
 d - 4 bread rations
 h - 2 meat rations


   Skills:
 + Level 3.6 Fighting
 + Level 2.6 Axes
 * Level 3.8 Dodging
 * Level 4.0 Shields


You had 3 spell levels left.
You didn't know any spells.

Dungeon Overview and Level Annotations

Branches:
Dungeon (3/15)

Altars:
Vehumet

Annotations:
D:3 Robin


Innate Abilities, Weirdness & Mutations

You cannot wear most types of armour.
You are amphibious.
You can wear up to eight rings at the same time.
You can use your tentacles to constrict eight enemies at once.
Your skin changes colour to match your surroundings (Stealth).
Your rubbery body absorbs attacks (AC +1).
One of your tentacles bears a spike.
You have supernaturally acute eyesight.
Your mind is acute. (Int +2)


Message History

You hit the goblin but do no damage. You hit the goblin.
You kill the goblin!
Robin zaps a wand.
The magic dart hits you!
* * * LOW HITPOINT WARNING * * *
It is a wand of magic darts.
You block the goblin's attack. Robin hits you but does no damage.
Unknown command.
Drink which item? (? for menu, Esc to quit)
It was a potion of brilliance.
You feel clever all of a sudden. The goblin hits you.
* * * LOW HITPOINT WARNING * * *
Unknown command.
Drink which item? (? for menu, Esc to quit)
It was a potion of mutation.
You feel extremely strange.
You feel clever.
One of your lower tentacles grows a sharp spike.
Your vision sharpens.
Robin zaps a wand.
The magic dart hits you!
You die...

#...# ######.##
######## #.# #.<.# #.#
#(# #...# #.# #.#
#...# ## #.# ## #.#
#...####.# #.# #####
... #.# .......... #.#
#...#.... #.#
......?....#.#
#.#..... #.#
..?.$.#.###)g.# #.#
#.......g@# #.#
###.#.###†).# #.# #.#
##### #.# #.# #.# #.#
########### #.# #.####
#.........# #.# #....#
#.#..####.# #.#
####.###.##..#.#.###>#
#........#.#......#


You could see Robin and a goblin (frenzied).

Vanquished Creatures
  4 adders (D:2)
  A gnoll (D:1)
  A worm (D:2)
  A giant gecko (D:2)
  3 giant cockroaches
  14 goblins
  9 hobgoblins
  9 jackals
  6 kobolds
  5 bats
  7 rats
60 creatures vanquished.

Notes
Turn   | Place    | Note
--------------------------------------------------------------
     0 | D:1      | HEYYEYAAE the Octopode Fighter began the quest for the Orb.
     0 | D:1      | Reached XP level 1. HP: 16/16 MP: 1/1
   124 | D:1      | Reached XP level 2. HP: 14/21 MP: 2/2
   454 | D:1      | Reached XP level 3. HP: 17/26 MP: 3/3
   755 | D:2      | Reached XP level 4. HP: 27/31 MP: 4/4
   965 | D:2      | Reached skill level 4 in Shields
  1103 | D:3      | Found a radiant altar of Vehumet.
  1239 | D:3      | Noticed Robin
  1251 | D:3      | Gained mutation: Your mind is acute. (Int +2) [potion of mutation]
  1251 | D:3      | Gained mutation: One of your tentacles bears a spike. [potion of mutation]
  1251 | D:3      | Gained mutation: You have supernaturally acute eyesight. [potion of mutation]
  1251 | D:3      | Killed from afar by Robin

Vault maps used:
D:1:      minmay_arrival_cross
D:3:      vehumet_altar_wand_db, first_bread, minmay_misc_feat_tiny,
          uniq_grinder, uniq_robin, uniq_crazy_yiuf_cottage

Action                   |  1- 3 |  4- 6 || total
-------------------------+-------+-------++-------
Melee: War axe           |    49 |    38 ||    87
  Use: Potion            |       |     2 ||     2
 Stab: Sleeping          |     2 |     2 ||     4
